 Dungeon Crawl Stone Soup version 0.25-a0-424-g80bd347ae0 (webtiles) character file.

Game seed: 10256348476707128009, levelgen mode: deterministic

11210 DerDa the Fighter (level 11, -4/63 HPs)
             Began as a Vine Stalker Fighter on Jan 22, 2020.
             Was a High Priest of Okawaru.
             Slain by a skeletal warrior
             ... wielding a +0 battleaxe
              (21 damage)
             ... on level 11 of the Dungeon.
             The game lasted 00:32:03 (8838 turns).

DerDa the Fighter (Vine Stalker Fighter)            Turns: 8838, Time: 00:32:03

Health: -4/63      AC: 14    Str: 20    XL:     11   Next: 74%
Magic:  0/18       EV:  7    Int:  8    God:    Okawaru [*****.]
Gold:   236        SH: 16    Dex: 18    Spells: 10/10 levels left

rFire    . . .     SeeInvis +   N - +0 falchion (holy)
rCold    + . .     Gourm    .   W - +0 large shield of the Game of Life {rElec Regen+} (curse)
rNeg     . . .     Faith    .   X - +2 chain mail {rC+}
rPois    .         Spirit   +   w - +2 helmet
rElec    +         Reflect  .   (no cloak)
rCorr    .         Harm     .   z - +0 pair of gloves
MR       ++...                  L - -2 pair of boots of the Comet {+Inv Dex+2}
Stlth    ..........             (no amulet)
HPRegen  1.00/turn              Q - ring of protection from magic
MPRegen  0.16/turn              U - ring of see invisible

@: no status effects
A: fangs 3, regeneration 1, magic shield, antimagic bite, no potion heal 3, rot
immunity
a: Heroism, Finesse, Renounce Religion, Evoke Invisibility


You were on level 11 of the Dungeon.
You worshipped Okawaru.
Okawaru was extremely pleased with you.
You were not hungry.

You visited 2 branches of the dungeon, and saw 12 of its levels.

You collected 678 gold pieces.
You spent 442 gold pieces at shops.

Inventory:

Hand Weapons
 a - a +0 long sword
 k - a +2 whip of freezing
 u - a +0 war axe of freezing
 v - a +0 hunting sling
 B - a +0 hand crossbow
 D - a +0 whip of venom
 N - a +0 falchion of holy wrath (weapon)
Missiles
 g - 52 poisoned darts (quivered)
 q - 83 sling bullets
 G - 129 bolts
Armour
 w - a +2 helmet (worn)
 z - a +0 pair of gloves (worn)
 L - the -2 pair of boots of the Comet (worn) {+Inv Dex+2}
   (You found it on level 6 of the Dungeon)

   It affects your dexterity (+2).
   It lets you turn invisible.
 W - the cursed +0 large shield of the Game of Life (worn) {rElec Regen+}
   (You bought it in a shop on level 10 of the Dungeon)

   It insulates you from electricity.
   It increases your rate of regeneration.
   It has a curse placed upon it.
 X - a +2 chain mail of cold resistance (worn)
Jewellery
 C - an uncursed ring of protection from magic
 Q - a ring of protection from magic (left hand)
 U - a ring of see invisible (right hand)
Wands
 p - a wand of flame (28)
 s - a wand of digging (15)
 O - a wand of iceblast (6)
 R - a wand of acid (9)
Scrolls
 c - 2 scrolls of identify
 e - 2 scrolls of immolation
 m - 7 scrolls of teleportation
 o - 4 scrolls of magic mapping
 x - a scroll of amnesia
 y - 8 scrolls of remove curse
 E - 2 scrolls of fear
 K - 3 scrolls of enchant armour
 M - a scroll of torment
 P - a scroll of blinking
 T - 2 scrolls of fog
 V - a scroll of noise {unknown}
Potions
 b - a potion of heal wounds {unknown}
 d - 4 potions of might
 h - 3 potions of invisibility {unknown}
 i - 4 potions of berserk rage
 j - a potion of agility {unknown}
 l - a potion of haste {unknown}
 n - 3 potions of flight {unknown}
 r - a potion of resistance {unknown}
 t - 3 potions of brilliance {unknown}
 A - 2 potions of mutation {unknown}
 F - a potion of ambrosia {unknown}
 H - 4 potions of degeneration {unknown}
 I - 3 potions of cancellation {unknown}
 J - a potion of magic {unknown}
 S - 3 potions of curing {unknown}
Comestibles
 f - 17 rations


   Skills:
 * Level 10.2 Fighting
 - Level 1.7 Long Blades
 - Level 2.4 Armour
 + Level 6.2 Dodging
 + Level 7.5 Shields
 + Level 4.1 Invocations
 * Level 8.6 Evocations


You had 10 spell levels left.
You didn't know any spells.
Your spell library was empty.

Dungeon Overview and Level Annotations

Branches:
Dungeon (11/15)            Temple (1/1) D:5            Lair (0/6) D:11
    Orc (0/2) D:10

Altars:
Ashenzari
Cheibriados
Dithmenos
Elyvilon
Fedhas
Gozag
Hepliaklqana
Kikubaaqudgha
Makhleb
Nemelex Xobeh
Okawaru
Qazlal
Ru
Sif Muna
Trog
Uskayaw
Vehumet
Wu Jian
Xom
Yredelemnul
Zin
The Shining One
Beogh

Shops:
D:8 }   D:10 [


Innate Abilities, Weirdness & Mutations

You have razor-sharp teeth.
Your natural rate of healing is unusually fast.
When hurt, damage is shared between your health and your magic reserves.
Your bite disrupts and absorbs the magic of your enemies.
Potions cannot restore your health.
You are immune to rotting.


Message History

You hit the skeletal warrior but do no damage.
The skeletal warrior is severely damaged.
You block the skeletal warrior's attack.
You slash the skeletal warrior!
The skeletal warrior convulses!
You destroy the skeletal warrior!
Okawaru accepts your kill.
You see here a +2 halberd of pain. 3 skeletal warriors come into view.
A skeletal warrior comes into view. It is wielding a +0 halberd.
You block the skeletal warrior's attack.
You hit the skeletal warrior but do no damage.
You bite the skeletal warrior. You drain its power.
The skeletal warrior is lightly damaged.
The skeletal warrior hits you from afar with a +0 halberd!!
Your shield prevents you from hitting the skeletal warrior.
The skeletal warrior hits you from afar with a +0 halberd!!
The skeletal warrior hits you from afar with a +0 halberd.
* * * LOW HITPOINT WARNING * * *
The skeletal warrior hits you with a +0 battleaxe!!
You die...

#..# #.#
##...........
#..# #.#
##.........#
...## #.#
###.....###
....#####.#
###.###
........#.# ### #
.#
.##.###.#.####.##
##.# # .##.#
#......)..# ...#
....#
#.....##.###z..#
.####
##...###..@zz.#
.# ##.##
#####z.<#
.########.# .#.#
........#.# #
..#####.#'## ..#
#....##
..#####.....##
....##.......##
..#.#.........#


You could see 4 skeletal warriors.

Vanquished Creatures
  A catoblepas (D:11)
  2 two-headed ogres (D:9)
  A skeletal warrior (D:11)
  An unseen horror (D:10)
  Pikel (D:7)
  An orc knight (D:9)
  A manticore (D:11)
  A troll (D:9)
  4 hippogriffs
  A yak (D:11)
  A human (D:8)
  A basilisk (D:11)
  Duvessa (D:6)
  An eye of draining (D:8)
  3 ice beasts
  2 phantoms
  2 sky beasts
  A necrophage (D:9)
  3 ogres
  7 orc warriors
  4 centaurs
  A crocodile (D:11)
  A big kobold (D:11)
  9 bullfrogs
  Dowan (D:6)
  A scorpion (D:7)
  22 killer bees
  3 crimson imps
  3 howler monkeys
  2 centaur zombies
  A quasit (D:9)
  5 hounds
  A bullfrog skeleton (D:8)
  2 centaur skeletons
  8 orc wizards
  7 orc priests
  4 iguanas
  A worker ant (D:10)
  A killer bee zombie (D:9)
  Robin (D:3)
  7 adders
  An ooze (D:2)
  An adder zombie (D:6)
  An adder skeleton (D:9)
  A worm (D:4)
  5 dart slugs
  3 leopard geckos
  53 orcs
  A ball python (D:5)
  12 giant cockroaches
  24 goblins
  10 hobgoblins
  8 jackals
  14 kobolds
  7 quokkas
  5 bats
  4 frilled lizards
  A quokka skeleton (D:4)
  3 rats
275 creatures vanquished.

Notes
Turn   | Place    | Note
-------+----------+-------------------------------------------
     0 | D:1      | DerDa the Vine Stalker Fighter began the quest for the Orb.
     0 | D:1      | Reached XP level 1. HP: 11/11 MP: 2/2
   306 | D:1      | Reached skill level 3 in Fighting
   306 | D:1      | Reached XP level 2. HP: 15/16 MP: 3/3
   493 | D:1      | Reached XP level 3. HP: 11/20 MP: 4/4
   768 | D:2      | Reached skill level 1 in Dodging
   898 | D:2      | Found a blossoming altar of Fedhas.
  1030 | D:2      | Gained mutation: Your natural rate of healing is unusually
                  | fast. [Vine Stalker growth]
  1030 | D:2      | Reached XP level 4. HP: 25/25 MP: 3/5
  1447 | D:3      | Reached skill level 4 in Fighting
  1471 | D:3      | Noticed Robin
  1486 | D:3      | Reached XP level 5. HP: 29/29 MP: 6/6
  1494 | D:3      | Killed Robin
  1685 | D:3      | Found an opulent altar of Gozag.
  1837 | D:3      | Noticed a centaur
  1845 | D:3      | Killed a centaur
  1845 | D:3      | Reached XP level 6. HP: 29/34 MP: 7/7
  1866 | D:3      | Found a glowing golden altar of the Shining One.
  1950 | D:4      | Noticed a phantom
  1971 | D:4      | Killed a phantom
  1971 | D:4      | Reached skill level 5 in Fighting
  1985 | D:4      | Reached XP level 7. HP: 22/39 MP: 4/8
  2116 | D:4      | Found a sacrificial altar of Ru.
  2116 | D:4      | Found a hazy altar of Hepliaklqana.
  2431 | D:4      | Reached skill level 1 in Evocations
  2703 | D:5      | Entered Level 5 of the Dungeon
  2960 | D:5      | Found a staircase to the Ecumenical Temple.
  2969 | Temple   | Entered the Ecumenical Temple
  2978 | Temple   | Became a worshipper of Warmaster Okawaru
  3076 | D:5      | Reached skill level 6 in Fighting
  3337 | D:6      | Gained mutation: You have razor-sharp teeth. [Vine Stalker
                  | growth]
  3337 | D:6      | Reached XP level 8. HP: 43/44 MP: 10/10
  3436 | D:6      | Noticed Duvessa
  3436 | D:6      | Noticed Dowan
  3441 | D:6      | Killed Duvessa
  3445 | D:6      | Killed Dowan
  3600 | D:6      | Reached skill level 5 in Shields
  3661 | D:6      | Got a pair of shimmering boots
  3666 | D:6      | Identified the cursed -2 pair of boots of the Comet {+Inv
                  | Dex+2} (You found it on level 6 of the Dungeon)
  4356 | D:7      | Reached * piety under Okawaru
  4548 | D:7      | Noticed Pikel
  4563 | D:7      | Reached skill level 7 in Fighting
  4621 | D:7      | Killed Pikel
  4621 | D:7      | Reached XP level 9. HP: 38/50 MP: 11/13
  4896 | D:8      | Reached skill level 5 in Evocations
  4928 | D:8      | Found Ackar's Gadget Shoppe.
  5012 | D:8      | Found a shimmering blue altar of Sif Muna.
  5061 | D:8      | Found a radiant altar of Vehumet.
  5141 | D:8      | Reached ** piety under Okawaru
  5208 | D:8      | Reached skill level 8 in Fighting
  5521 | D:8      | Reached XP level 10. HP: 24/56 MP: 9/15
  5778 | D:8      | Reached *** piety under Okawaru
  5860 | D:9      | Noticed a two-headed ogre
  5982 | D:9      | Reached skill level 5 in Dodging
  5993 | D:9      | Noticed a two-headed ogre
  6188 | D:9      | Killed a two-headed ogre
  6188 | D:9      | Reached skill level 1 in Invocations
  6301 | D:9      | Killed a two-headed ogre
  6301 | D:9      | Reached skill level 9 in Fighting
  7023 | D:9      | Found a burning altar of Makhleb.
  7131 | D:10     | Entered Level 10 of the Dungeon
  7251 | D:10     | Reached **** piety under Okawaru
  7409 | D:10     | Noticed an orc knight
  7494 | D:9      | Killed an orc knight
  7494 | D:9      | Reached XP level 11. HP: 38/62 MP: 10/17
  7771 | D:10     | Found Acvykeum's Antique Armour Emporium.
  7779 | D:10     | Bought a spiked large shield for 247 gold pieces
  7779 | D:10     | Bought a shiny chain mail for 195 gold pieces
  7789 | D:10     | Identified the cursed +0 large shield of the Game of Life
                  | {rElec Regen+} (You bought it in a shop on level 10 of the
                  | Dungeon)
  8058 | D:10     | Killed an unseen horror
  8100 | D:10     | Found a roughly hewn altar of Beogh.
  8152 | D:10     | Found a staircase to the Orcish Mines.
  8205 | D:11     | Reached ***** piety under Okawaru
  8295 | D:11     | Noticed a catoblepas
  8296 | D:11     | Noticed a manticore
  8408 | D:11     | Found a staircase to the Lair.
  8451 | D:11     | Reached skill level 10 in Fighting
  8716 | D:11     | Killed a manticore
  8783 | D:11     | Killed a catoblepas
  8809 | D:11     | Noticed a skeletal warrior
  8832 | D:11     | Killed a skeletal warrior
  8835 | D:11     | Noticed a skeletal warrior
  8835 | D:11     | Noticed a skeletal warrior
  8835 | D:11     | Noticed a skeletal warrior
  8836 | D:11     | Noticed a skeletal warrior
  8838 | D:11     | Slain by a skeletal warrior

Levels and vault maps discovered:
D:1:      minmay_arrival_solitary_statue, layout_loops_cross,
          minmay_misc_feat_pillars
D:2:      layout_loops_ring, overflow_temple_1_default, minmay_tripent
D:3:      layout_loops_ring, tso_oasis_becter, nicolae_overflow_hidden_temple,
          minmay_between, uniq_robin
D:4:      layout_loops_ring, amethyst_overflow_temple_binary, first_ration
D:5:      layout_rooms, temple_hall, chequers_serial_rivers_room_a
D:6:      layout_gridville, uniq_duvessa
D:7:      layout_gridville, uniq_pikel
D:8:      layout_cave_pods, overflow_temple_1_default, basic_altar,
          serial_shops, shop_coins, grunt_pizzeria
D:9:      layout_basic, kennysheep_mini_moat
D:10:     layout_roguey, david_orc_5, serial_shops, shop
D:11:     layout_loops_corners, david_lair_generic, minmay_checkerbox,
          uniq_gastronok
Temple:   minmay_freezing_vapour_temple

Skill      XL: |  1  2  3  4  5  6  7  8  9 10 11 |
---------------+----------------------------------+-----
Fighting       | 3 4 5 6 7 8 9 10 | 10.2
Shields        | 3 4 5 6 7 |  7.5
Dodging        | 1 2 3 4 5 6 |  6.2
Evocations     | 2 4 6 7 8 |  8.6
Invocations    | 2 4 |  4.1
Long Blades    | |  1.7
Armour         | |  2.4

Action                   |  1- 3 |  4- 6 |  7- 9 | 10-12 || total
-------------------------+-------+-------+-------+-------++-------
Melee: Long sword        |   110 |   106 |   142 |       ||   358
       Bite              |    26 |    33 |   144 |   241 ||   444
       Falchion          |       |       |   218 |   135 ||   353
       Whip              |       |       |       |   402 ||   402
Throw: Dart              |       |       |       |     8 ||     8
Invok: Heroism           |       |       |     1 |     1 ||     2
Evoke: Wand              |       |       |       |     1 ||     1
  Use: Scroll            |       |       |     7 |     7 ||    14
  Eat: Chunk             |     1 |     3 |    12 |    12 ||    28
Armor: Scale mail        |    61 |    32 |   137 |    90 ||   320
       Chain mail        |       |       |       |   103 ||   103
Dodge: Dodged            |    23 |    40 |   165 |   195 ||   423
Block: Shield            |    52 |    69 |   254 |   230 ||   605
       Large shield      |       |       |       |   189 ||   189
       Rpst.: Long sword |     7 |    16 |    18 |       ||    41
       Falchion          |       |       |    30 |     8 ||    38

Table legend:
 A = Non-vault XP
 B = Vault XP
 C = Vault XP percentage of total XP
 D = Non-vault monster count
 E = Vault monster count
 F = Vault count percentage of total count
                 A         B        C        D         E       F
            +---------+---------+-------+---------+---------+-------
      Total |   11750 |    4265 |  26.6 |     222 |      53 |  19.3
            +---------+---------+-------+---------+---------+-------
        D:1 |      46 |       0 |   0.0 |      23 |       0 |   0.0
        D:2 |      44 |       4 |   8.3 |      21 |       2 |   8.7
        D:3 |     234 |      46 |  16.4 |      17 |      16 |  48.5
        D:4 |     572 |       0 |   0.0 |      22 |       0 |   0.0
        D:5 |     220 |       0 |   0.0 |      13 |       0 |   0.0
        D:6 |     417 |     226 |  35.1 |       7 |       2 |  22.2
        D:7 |     616 |     673 |  52.2 |      14 |       1 |   6.7
        D:8 |    2222 |     200 |   8.3 |      27 |       1 |   3.6
        D:9 |    2858 |     592 |  17.2 |      17 |       1 |   5.6
       D:10 |    2687 |     756 |  22.0 |      43 |      23 |  34.8
       D:11 |    1834 |    1768 |  49.1 |      18 |       7 |  28.0
            +---------+---------+-------+---------+---------+-------
